 Dungeon Crawl Stone Soup version 0.32-a0-685-g93135e86f0 (webtiles) character file.

Game seed: 13400775264566342421

214 Griffin23 the Slasher (level 5, -8/47 HPs)
             Began as a Minotaur Fighter on Mar 12, 2024.
             Mangled by an ogre
             ... wielding a +0 giant club
              (13 damage)
             ... on level 3 of the Dungeon.
             The game lasted 00:03:53 (2921 turns).

Griffin23 the Slasher (Minotaur Fighter)            Turns: 2921, Time: 00:03:53

Health: -8/47      AC:  9    Str: 20    XL:     5   Next: 59%
Magic:  4/4        EV:  8    Int:  5    God:
Gold:   164        SH:  5    Dex: 12    Spells: 4/4 levels left

rFire   . . .        a - +0 long sword
rCold   . . .        c - +0 buckler
rNeg    . . .        l - +0 chain mail
rPois   .            (helmet restricted)
rElec   .            (no cloak)
rCorr   .            (no gloves)
SInv    .            (no boots)
Will    .....        (no amulet) Stlth
                     (no ring)
HPRegen 0.27/turn    (no ring)
MPRegen 0.09/turn

%: no passive effects
@: no status effects
A: horns 2, retaliatory headbutt
a: no special abilities


You were on level 3 of the Dungeon.
You visited 1 branch of the dungeon, and saw 4 of its levels.

You collected 164 gold pieces.

Inventory:

Hand Weapons
 a - a +0 long sword (weapon)
Armour
 b - a +0 scale mail
 c - a +0 buckler (worn)
 l - a +0 chain mail (worn)
Jewellery
 f - a ring of flight
 h - a ring of poison resistance
Wands
 o - a wand of flame (21)
Scrolls
 k - a scroll of amnesia {unknown}
 n - a scroll of vulnerability {unknown}
 q - a scroll of poison {unknown}
 t - 2 scrolls of enchant armour {unknown}
 w - a scroll of identify {unknown}
Potions
 d - a potion of might
 e - a potion of mutation {unknown}
 g - a potion of curing {unknown}
 i - a potion of brilliance {unknown}
 j - a potion of lignification {unknown}
 m - a potion of ambrosia {unknown}
 p - a potion of haste {unknown}
 r - a potion of resistance {unknown}
 s - a potion of degeneration {unknown}
 u - 2 potions of magic {unknown}
 v - a potion of invisibility {unknown}


   Skills:
 + Level 4.3 Fighting
 + Level 4.7 Long Blades
 + Level 4.6 Armour
 + Level 2.2 Dodging
 + Level 0.1 Stealth
 + Level 4.3 Shields


You had 4 spell levels left.
You didn't know any spells.
Your spell library contained the following spells:

 Spells                   Type           Power      Damage    Failure   Level
 Magic Dart               Conj           0%         1d3       99%         1
 Searing Ray              Conj           0%         2d4       100%        2
 Hailstorm                Conj/Ice       0%         3d5       100%        3
 Summon Ice Beast         Ice/Summ       0%         N/A       100%        3
 Fulminant Prism          Conj/Alch      0%         3d5       100%        4
 Permafrost Eruption      Ice/Erth       0%         2x4d2     100%        6
 Sculpt Simulacrum        Ice/Alch       0%         N/A       100%        6


Dungeon Overview and Level Annotations

Branches:
Dungeon (4/15)
 Temple: D:4-7

Altars:
Kikubaaqudgha


Innate Abilities, Weirdness & Mutations

You have a pair of horns on your head.
You reflexively headbutt those who attack you in melee.


Message History

You climb downwards.
The jackal bites you. The jackal barely misses you.
The jackal bites you but does no damage.
The orc hits you but does no damage.
There is a stone staircase leading up here.
The jackal bites you but does no damage. x2
The ogre hits you with a +0 giant club! The orc hits you but does no damage.
The orc wizard casts a spell.
The orc wizard flickers and vanishes!
Deactivating autopickup; reactivate with Ctrl-A.
You climb upwards.
Reactivating autopickup.
There is a stone staircase leading down here.
Sorry, you're not good enough to have a special ability.
Aiming: Throw Flame
Press: ? - help, Shift-Dir - straight line, f - ogre
Aim: an ogre, wielding a +0 giant club (85% to hit)
The puff of flame hits the ogre!
The ogre is moderately wounded.
The jackal bites you. The jackal closely misses you.
The orc hits you but does no damage.
The jackal bites you but does no damage.
The jackal bites you.
The ogre hits you with a +0 giant club!!
You hit the ogre but do no damage.
The ogre is moderately wounded.
You block the jackal's attack. x2; The orc hits you but does no damage.
The jackal bites you but does no damage.
You hit the ogre.
The ogre is heavily wounded.
The jackal barely misses you. You furiously retaliate!
You headbutt the jackal.
You kill the jackal!
The orc closely misses you. The ogre hits you with a +0 giant club!
* * * LOW HITPOINT WARNING * * *
The jackal bites you but does no damage.
You barely miss the ogre.
The ogre is heavily wounded.
The jackal bites you but does no damage.
The orc closely misses you. You furiously retaliate!
You headbutt the orc. The ogre hits you with a +0 giant club!
You die...

...#.......#..')..'.........'....
...#.###......#)..##........###.#
...#.###...#..#...##........# #.#
...#.##.......#...##.......## #..
...#.#........####.......#.# ##.
####.#.#####...###########.# ##
.....###...#.#...#.........# #.
###### #.#.#..##h#.######### #.
..# #.#.#...†@#.#......# #. .##
###.#...#.oO#.#......######. .#
#.#.###.....#.#............> .#
#...# #.#####.#......####### .#
#.### #.....#.#......# ###
.#####.# #######.#......# #..
.......########....###.#### #.>
######..........#### #.# #.. ##
##########.# #.# ###


You could see an ogre, an orc and a jackal.

Vanquished Creatures
  2 orc priests (D:3)
  3 adders (D:3)
  A gnoll (D:3)
  A ribbon worm (D:3)
  5 dart slugs
  11 orcs (D:3)
  5 bats
  4 endoplasms
  6 giant cockroaches
  7 hobgoblins
  10 jackals
  A quokka (D:1)
  7 ball pythons
  2 frilled lizards
  7 goblins
  9 kobolds
  9 rats
90 creatures vanquished.

Notes
Turn   | Place    | Note
-------+----------+-------------------------------------------
     0 | D:1      | Griffin23 the Minotaur Fighter began the quest for the Orb.
     0 | D:1      | Reached XP level 1. HP: 19/19 MP: 0/0
   245 | D:1      | Reached XP level 2. HP: 25/27 MP: 1/1
   471 | D:1      | Reached XP level 3. HP: 32/33 MP: 2/2
   916 | D:2      | Found an ancient bone altar of Kikubaaqudgha.
  1131 | D:2      | Reached skill level 1 in Dodging
  1394 | D:2      | Reached XP level 4. HP: 39/40 MP: 3/3
  2169 | D:3      | Reached XP level 5. HP: 43/46 MP: 4/4
  2909 | D:4      | Noticed an ogre
  2921 | D:3      | Mangled by an ogre

Illustrated notes

Levels and vault maps discovered:
D:1:      minmay_arrival_up_and_down, layout_loops_corners
D:2:      layout_rooms, basic_altar, nicolae_hexahallways
D:3:      kennysheep_six_static_rooms, layout_basic, serial_co_window_serial,
          co_window_paths_a, co_window_corner_a, co_window_corner_a,
          co_window_of_opportunity_a, co_window_paths_a, co_window_paths_a,
          co_window_corner_a, co_window_broadway_b, co_window_2corner,
          co_window_corner_cb, co_window_corner_ca, glass_columns_c,
          grunt_ministairs_14, minmay_misc_feat_plants,
          hangedman_abyss_or_decor_stabs
D:4:      due_chaos_kobolds, layout_rooms, kennysheep_generic_room_3

Skill      XL: |  1  2  3  4  5 |
---------------+----------------+-----
Shields        | 4 |  4.3
Armour         | 4 |  4.6
Fighting       | 4 |  4.3
Long Blades    | 3 4 |  4.7
Dodging        | 1 2 |  2.2
Stealth        | |  0.1

Action                     |  1- 3 |  4- 6 || total
---------------------------+-------+-------++-------
  Melee: Long sword        |   105 |    81 ||   186
         Headbutt          |    14 |     9 ||    23
  Evoke: Wand              |       |     1 ||     1
 Armour: Scale mail        |    48 |       ||    48
         Chain mail        |    17 |    80 ||    97
         Skin              |     2 |       ||     2
  Dodge: Dodged            |    49 |    38 ||    87
  Block: Buckler           |    27 |    18 ||    45

Table legend: (Time is in decaauts)
 A = Elapsed time spent in this place.
 B = Non-inter-level travel time spent in this place.
 C = Inter-level travel time spent in this place.
 D = Time resting spent in this place.
 E = Time spent auto-exploring this place.
 F = Levels seen in this place.
 G = Mean time per level.
                   A        B        C        D        E       F      G
               +--------+--------+--------+--------+--------+-----+--------+
         Total |   2971 |   2878 |     93 |      0 |   2406 |   4 |  742.8 |
       Dungeon |   2971 |   2878 |     93 |      0 |   2406 |   4 |  742.8 |
               +--------+--------+--------+--------+--------+-----+--------+

Top non-repeatable levels by time:
     D:3: 1350 daAuts
     D:1: 867 daAuts
     D:2: 749 daAuts
     D:4: 4 daAuts
